 Dungeon Crawl Stone Soup version 0.28.0 (webtiles) character file.

Game seed: 3974083017593107542

30 Deca the Skirmisher (level 3, 0/33 HPs)
             Began as a Hill Orc Fighter on Feb 13, 2022.
             Slain by Terence (3 damage)
             ... on level 2 of the Dungeon.
             The game lasted 00:06:58 (910 turns).

Deca the Skirmisher (Hill Orc Fighter)               Turns: 910, Time: 00:06:59

Health: 0/33       AC:  7    Str: 20    XL:     3   Next: 18%
Magic:  3/3        EV: 10    Int:  8    God:
Gold:   33         SH:  4    Dex: 10    Spells: 2/2 levels left

rFire   . . .      SeeInvis .   a - +0 war axe
rCold   . . .      Faith    .   c - +0 buckler
rNeg    . . .      Spirit   .   j - +0 ring mail
rPois   .          Reflect  .   (no helmet)
rElec   .          Harm     .   (no cloak)
rCorr   .          Rampage  .   m - +0 pair of gloves
Will    .....                   (no boots)
Stlth   ..........              (no amulet)
HPRegen 0.11/turn               (no ring)
MPRegen 0.08/turn               (no ring)

@: mighty
A: no striking features
a: no special abilities


You were on level 2 of the Dungeon.
You visited 1 branch of the dungeon, and saw 2 of its levels.

You collected 33 gold pieces.

Inventory:

Hand Weapons
 a - a +0 war axe (weapon)
 n - a +2 rapier of electrocution
Missiles
 e - 26 arrows
Armour
 b - a +0 scale mail
 c - a +0 buckler (worn)
 j - a +0 ring mail (worn)
 l - a +0 leather armour
 m - a +0 pair of gloves (worn)
Scrolls
 f - 2 scrolls of identify {unknown}
 h - 2 scrolls of enchant armour {unknown}
 o - a scroll of enchant weapon {unknown}
Potions
 g - a potion of brilliance {unknown}
 i - a potion of heal wounds {unknown}
 k - a potion of resistance {unknown}


   Skills:
 + Level 4.1 Fighting
 + Level 3.2 Axes
 + Level 3.7 Armour
 + Level 3.7 Shields


You had 2 spell levels left.
You didn't know any spells.
Your spell library contained the following spells:

 Spells                   Type           Power      Damage    Failure   Level
 Summon Guardian Golem    Hex/Summ       0%         N/A       95%         3
 Orb of Destruction       Conj           0%         9d5       100%        7
 Spellforged Servitor     Conj/Summ      0%         N/A       100%        7


Dungeon Overview and Level Annotations

Branches:
Dungeon (2/15)

Altars:

Shops:
D:1 (

Annotations:
D:2 Terence


Message History

An endoplasm is nearby!
Terence the Incautious comes into view.
He is wielding a +1 vorpal flail.
Terence shouts!
The endoplasm barely misses you.
You slash the endoplasm!
You kill the endoplasm!
A dart slug comes into view.
Terence hits you with a +1 vorpal flail.
The dart slug launches a dart at you.
The slug dart hits you but does no damage.
You barely miss Terence. Terence completely misses you.
You block Terence's attack.
You hit Terence but do no damage. Terence barely misses you.
Terence barely misses you.
You hit Terence but do no damage. You block Terence's attack.
You hit Terence.
Terence is moderately wounded.
You block Terence's attack.
Terence hits you with a +1 vorpal flail.
You hit Terence.
Terence is moderately wounded.
Terence hits you but does no damage.
You closely miss Terence.
Terence is moderately wounded.
You block Terence's attack.
You barely miss Terence.
Terence is moderately wounded.
You hit the dart slug but do no damage. Terence barely misses you.
The dart slug launches a dart at you. The slug dart misses you.
Terence hits you with a +1 vorpal flail!
You are too injured to fight recklessly!
You are too injured to fight recklessly!
You are too injured to fight recklessly!
You feel very mighty all of a sudden. The dart slug launches a dart at you.
The slug dart hits you but does no damage.
Terence hits you with a +1 vorpal flail!
* * * LOW HITPOINT WARNING * * *
You die...

..... #.......#
..... #.......#
....###.......#
.............
#..........
#......# #..w@..#
##########...@..#
#..............)#
#.###############
#.# #.# #.# #.#
#.# #.#


You could see Terence and a dart slug.

Vanquished Creatures
  A gnoll (D:1)
  An endoplasm (D:2)
  2 giant cockroaches (D:1)
  3 goblins
  2 hobgoblins (D:1)
  2 quokkas (D:1)
  A ball python (D:1)
  4 frilled lizards (D:1)
  2 kobolds
  2 rats (D:1)
20 creatures vanquished.

Notes
Turn   | Place    | Note
-------+----------+-------------------------------------------
     0 | D:1      | Deca the Hill Orc Fighter began the quest for the Orb.
     0 | D:1      | Reached XP level 1. HP: 19/19 MP: 1/1
    32 | D:1      | Reached XP level 2. HP: 25/27 MP: 2/2
   184 | D:1      | Found Zufruhorph's Antique Weapon Shop.
   192 | D:1      | Reached skill level 4 in Fighting
   469 | D:1      | Reached XP level 3. HP: 33/33 MP: 3/3
   897 | D:2      | Noticed Terence
   910 | D:2      | Slain by Terence

Illustrated notes

Levels and vault maps discovered:
D:1:      lemuel_arrival_hallway, layout_loops_cross, serial_shops, shop,
          minmay_misc_feat_rows
D:2:      layout_basic, chequers_ecumenical_altar_simple,
          nicolae_elevator_lobby_plus, uniq_terence

Skill      XL: |  1  2 |
---------------+-------+-----
Fighting       | 4 |  4.1
Axes           | 3 |  3.2
Armour         | |  3.7
Shields        | |  3.7

Action                   || total
-------------------------++-------
Melee: War axe           ||    58
  Use: Potion            ||     1
Armor: Scale mail        ||    10
       Ring mail         ||    14
Dodge: Dodged            ||    27
Block: Buckler           ||    14
